 Dungeon Crawl Stone Soup version 0.22.1-1-ga44c0e56f4 (webtiles) character file.

31048 JOKERXD40 the Severer (level 13, -6/175 HPs)
             Began as a Minotaur Berserker on Nov 9, 2018.
             Was the Champion of Trog.
             Killed from afar by a rime drake (21 damage)
             ... with a flash freeze
             ... on level 4 of the Lair of Beasts.
             The game lasted 00:43:31 (13117 turns).

JOKERXD40 the Severer (Minotaur Berserker)         Turns: 13117, Time: 00:43:32

Health: -6/175     AC: 26    Str: 26    XL:     13   Next: 23%
Magic:  8/12       EV:  2    Int:  0    God:    Trog [******]
Gold:   664        SH: 13    Dex: 12    Spells: 12/12 levels left

rFire    . . .     SeeInvis .   K - +10 broad axe of Stickiness {elec, rN+ MR+++ Int-5 Dex+2}
rCold    + . .     Gourm    +   C - +0 shield
rNeg     + + +     Faith    .   (armour currently unavailable)
rPois    +         Spirit   .   (helmet currently unavailable)
rElec    .         Reflect  .   (cloak currently unavailable)
rCorr    .         Harm     .   (gloves currently unavailable)
MR       +++..     NoTele   +   (boots currently unavailable)
Stlth    ++........             x - amulet of the gourmand
HPRegen  0.39/turn              P - ring of protection from cold
MPRegen  0.13/turn              A - +3 ring of slaying

@: tree-form, slowed, lost intelligence, very slow
A: (retaliatory headbutt)
a: Berserk, Trog's Hand, Brothers in Arms, Renounce Religion


You were on level 4 of the Lair of Beasts.
You worshipped Trog.
Trog was exalted by your worship.
You were not hungry.
You were a tree.
You visited 3 branches of the dungeon, and saw 16 of its levels.
You also visited: Sewer.

You collected 850 gold pieces.
You spent 186 gold pieces at shops.

Inventory:

Hand Weapons
 E - a +1 war axe of flaming
 K - the +10 broad axe of Stickiness (weapon) {elec, rN+ MR+++ Int-5 Dex+2}
   (Trog gifted it to you on level 10 of the Dungeon)

   Occasionally, upon striking a foe, it will discharge some electrical energy
   and cause terrible harm.
   It affects your intelligence (-5).
   It affects your dexterity (+2).
   It protects you from negative energy.
   It affects your resistance to hostile enchantments.
Missiles
 a - a throwing net
 n - 7 tomahawks (quivered)
 v - 3 poisoned tomahawks
 D - 6 javelins of penetration
Armour
 m - a +2 pair of gloves (melded)
 z - a scarf of spirit shield (melded)
 B - the +6 scale mail of the Shoals {*Contam +Inv rC+ Int+4}
   (You took it off an orc on level 5 of the Dungeon)

   It affects your intelligence (+4).
   It protects you from cold.
   It lets you turn invisible.
   It causes magical contamination when unequipped.
 C - a +0 shield (worn)
 I - +0 gold dragon scales (melded)
 N - a +0 pair of boots (melded)
Jewellery
 x - an amulet of the gourmand (around neck)
 A - a +3 ring of slaying (right branch)
 P - a ring of protection from cold (left branch)
Wands
 p - a wand of random effects (19)
 q - a wand of acid (18)
 H - a wand of iceblast (5)
 L - a wand of clouds (4)
 M - a wand of paralysis (14)
Scrolls
 e - a scroll of identify
 g - 8 scrolls of remove curse
 i - 2 scrolls of immolation {unknown}
 k - 5 scrolls of enchant armour
 l - 2 scrolls of blinking
 o - 4 scrolls of fog
 s - 5 scrolls of teleportation
 t - 3 scrolls of fear
 y - 8 scrolls of enchant weapon
 F - a scroll of brand weapon {unknown}
 J - 2 scrolls of holy word {unknown}
 R - a scroll of acquirement {unknown}
 T - a scroll of noise {unknown}
Potions
 b - a potion of mutation {unknown}
 d - a potion of agility {unknown}
 f - 3 potions of might {unknown}
 h - 7 potions of lignification
 j - a potion of ambrosia {unknown}
 r - 5 potions of curing
 u - 6 potions of flight
 w - 5 potions of heal wounds
 G - a potion of degeneration {unknown}
 O - 2 potions of invisibility {unknown}
 Q - a potion of haste
 S - a potion of cancellation {unknown}
Comestibles
 c - 35 rations


   Skills:
 + Level 11.9 Fighting
 + Level 16.7 Axes
 + Level 2.0 Throwing
 + Level 11.2 Armour
 + Level 5.9 Dodging
 + Level 1.6 Stealth
 + Level 11.5 Shields


You had 12 spell levels left.
You didn't know any spells.
Your spell library was empty.

Dungeon Overview and Level Annotations

Branches:
Dungeon (11/15)            Temple (1/1) D:6            Lair (4/6) D:10
    Orc (0/2) D:10
  Swamp: Lair:2-4    Shoals: Lair:2-4     Snake: Lair:2-4    Spider: Lair:2-4

Altars:
Ashenzari
Cheibriados
Dithmenos
Elyvilon
Fedhas
Gozag
Hepliaklqana
Kikubaaqudgha
Makhleb
Nemelex Xobeh
Okawaru
Qazlal
Ru
Sif Muna
Trog
Uskayaw
Vehumet
Wu Jian
Xom
Yredelemnul
Zin
The Shining One
Beogh

Shops:
D:7 (   D:10 *


Innate Abilities, Weirdness & Mutations

((You reflexively headbutt those who attack you in melee.))
((You have a pair of horns on your head.))


Message History

The hippogriff pecks you but does no damage.
The hippogriff claws you.
* * * LOW HITPOINT WARNING * * *
You slice the hippogriff!!
The hippogriff is almost dead.
You block the hippogriff's attack.
The hippogriff pecks you but does no damage.
The hippogriff claws you but does no damage.
You barely miss the hippogriff.
The hippogriff is almost dead.
The ice encasing you melts away.
The hippogriff bites you but does no damage.
The hippogriff pecks you but does no damage.
You block the hippogriff's attack.
You slice the hippogriff!!
You kill the hippogriff!
Trog accepts your kill. The rime drake breathes ice at you.
The flash freeze hits you! You partially resist.
You die...

##............................
#.........###.##.##.#.........
##.......##..#..#..#.#........
#.......#.##.##.##.#.#.......
##.......##........#. ..
#.......##..#...#...# ..
##......###†.#........# ..
#.#....###))†#.........
.#.....
###....##.†#)†♣#...#...
#...... ##...###.###†###.## .
#..... #...###.. #.k.# ..
#...# ##.###.. ...#.w. ..
##..# ### #.###.# #.## #.#.#
.. .. .. .. #.#.. .. ..# #..
..... #... #.# #.# #...#.#.#.#
...#..###..


You could see a rime drake.

Vanquished Creatures
  Erolcha (D:11)
  3 hydras (Lair:1)
  Erica (D:11)
  3 death yaks (Lair:4)
  Nergalle (Lair:3)
  An unseen horror (D:10)
  A cyclops (D:9)
  6 elephants
  An ice statue (Lair:3)
  A centaur skeleton (D:11)
  A gargoyle (D:9)
  A torpor snail (Lair:4)
  The ghost of btonasse the Chiller, a novice MfIE of Fedhas (D:5)
  3 rime drakes
  The ghost of gre3edy the Cutter, a novice DsEn (D:6)
  A komodo dragon (Lair:4)
  An ice devil (Lair:3)
  A troll (D:11)
  3 queen bees
  3 meliai (Lair:4)
  A polar bear (Lair:3)
  4 blink frogs
  3 hippogriffs
  3 wyverns
  18 yaks
  A basilisk (Lair:4)
  A hungry ghost (D:11)
  A soldier ant (D:11)
  Edmund (D:6)
  10 water moccasins
  Purgy (D:3)
  11 ice beasts
  6 orc warriors
  7 porcupines
  3 black bears
  2 sky beasts
  An eye of draining (D:11)
  2 necrophages
  2 phantoms
  8 wolves
  4 centaurs
  3 crocodiles
  2 big kobolds
  14 bullfrogs
  A gnoll sergeant (D:6)
  2 scorpions
  5 wights (D:7)
  82 killer bees
  5 howler monkeys
  3 crimson imps
  A quasit (D:10)
  3 bullfrog zombies
  6 hounds
  3 centaur zombies
  4 jellies
  11 orc wizards
  6 orc priests
  5 bullfrog skeletons
  3 iguanas
  4 worker ants
  A hell rat (Lair:4)
  A merfolk siren (Sewer)
  Terence (D:3)
  A merfolk avatar (Sewer)
  A killer bee zombie (D:6)
  A hound zombie (D:11)
  A hound skeleton (D:6)
  A worker ant zombie (D:10)
  13 gnolls
  10 adders
  2 river rats (Sewer)
  A shadow imp (D:9)
  4 white imps (Lair:3)
  2 oozes
  3 adder zombies
  3 worms
  2 dart slugs (D:1)
  8 leopard geckos
  30 orcs
  10 giant cockroaches
  8 goblins
  13 hobgoblins
  6 jackals
  2 quokkas (D:8)
  10 ball pythons
  9 bats
  8 frilled lizards
  21 kobolds
  A leopard gecko skeleton (D:4)
  A quokka zombie (D:5)
  30 rats
  A fungus (Lair:3)
  A plant (Lair:4)
495 creatures vanquished.

Vanquished Creatures (others)
  2 fungi (Lair:3)
  3 plants
5 creatures vanquished.

Grand Total: 500 creatures vanquished

Notes
Turn   | Place    | Note
-------+----------+-------------------------------------------
     0 | D:1      | JOKERXD40 the Minotaur Berserker began the quest for the
                  | Orb.
     0 | D:1      | Reached XP level 1. HP: 19/19 MP: 0/0
   218 | D:1      | Reached XP level 2. HP: 20/27 MP: 1/1
   230 | D:1      | Reached skill level 4 in Axes
   284 | D:1      | Reached XP level 3. HP: 20/33 MP: 2/2
   690 | D:1      | Reached ** piety under Trog
  1380 | D:2      | Reached XP level 4. HP: 41/41 MP: 3/3
  1828 | D:3      | Noticed Terence
  1839 | D:3      | Killed Terence
  1900 | D:3      | Reached skill level 5 in Axes
  1916 | D:3      | Noticed Purgy
  1927 | D:3      | Killed Purgy
  1927 | D:3      | Reached skill level 5 in Fighting
  1927 | D:3      | Reached XP level 5. HP: 48/48 MP: 4/4
  2466 | D:3      | Reached skill level 6 in Axes
  2466 | D:3      | Reached XP level 6. HP: 56/56 MP: 5/5
  2649 | D:3      | Reached *** piety under Trog
  2805 | D:4      | Found a radiant altar of Vehumet.
  2808 | D:4      | Found a shattered altar of Ashenzari.
  2809 | D:4      | Found a shimmering altar of Xom.
  2809 | D:4      | Found a shadowy altar of Dithmenos.
  3318 | D:5      | Entered Level 5 of the Dungeon
  3644 | D:5      | Found a deep blue altar of Sif Muna.
  3655 | D:5      | Found a sacrificial altar of Ru.
  3932 | D:5      | Found a runed gate.
  3933 | D:5      | Found a runed gate.
  3934 | D:5      | Found a roughly hewn altar of Beogh.
  3934 | D:5      | Found a runed gate.
  3934 | D:5      | Noticed btonasse's ghost (novice MfIE)
  3945 | D:5      | Reached XP level 7. HP: 62/62 MP: 4/6
  3949 | D:5      | Killed btonasse's ghost
  3949 | D:5      | Reached skill level 7 in Axes
  3960 | D:5      | Reached skill level 1 in Shields
  4175 | D:5      | Got a shimmering scale mail
  4186 | D:5      | Identified the +6 scale mail of the Shoals {*Contam +Inv
                  | rC+ Int+4} (You took it off an orc on level 5 of the
                  | Dungeon)
  4392 | D:6      | Reached skill level 1 in Stealth
  4397 | D:6      | Reached skill level 8 in Axes
  4401 | D:6      | Reached skill level 5 in Armour
  4417 | D:6      | Reached XP level 8. HP: 62/70 MP: 7/7
  4562 | D:6      | Reached **** piety under Trog
  4569 | D:6      | Reached skill level 9 in Axes
  4575 | D:6      | Noticed Edmund
  4583 | D:6      | Killed Edmund
  4690 | D:6      | Found a staircase to the Ecumenical Temple.
  4710 | D:6      | Found a glowing drain.
  4756 | Sewer    | Entered a sewer
  4893 | Sewer    | Reached skill level 10 in Axes
  4936 | Sewer    | Reached ***** piety under Trog
  5044 | D:6      | Reached XP level 9. HP: 49/79 MP: 4/8
  5066 | D:6      | Found a runed door.
  5071 | D:6      | Noticed gre3edy's ghost (novice DsEn)
  5239 | D:6      | Killed gre3edy's ghost
  5239 | D:6      | Reached skill level 5 in Dodging
  5553 | D:7      | Found Cenuff's Weapon Boutique.
  5583 | D:7      | Bought a +1 war axe of flaming for 186 gold pieces
  5642 | D:7      | Found an opulent altar of Gozag.
  5703 | D:7      | Reached skill level 11 in Axes
  5716 | D:7      | Received a gift from Trog
  6622 | D:8      | Reached skill level 5 in Shields
  6622 | D:8      | Reached XP level 10. HP: 90/90 MP: 9/9
  6880 | D:8      | Found a snail-covered altar of Cheibriados.
  7042 | D:9      | Noticed a cyclops
  7052 | D:9      | Killed a cyclops
  7052 | D:9      | Reached skill level 12 in Axes
  7267 | D:9      | Noticed a gargoyle
  7273 | D:9      | Killed a gargoyle
  7371 | D:9      | Reached skill level 1 in Throwing
  7586 | D:9      | Reached skill level 13 in Axes
  8336 | D:10     | Entered Level 10 of the Dungeon
  8363 | D:10     | Received a gift from Trog
  8377 | D:10     | Got an encrusted broad axe {god gift}
  8378 | D:10     | Lost intelligence.
  8378 | D:10     | Identified the +10 broad axe of Stickiness {elec, rN+ MR+++
                  | Int-5 Dex+2} (Trog gifted it to you on level 10 of the
                  | Dungeon)
  8415 | D:10     | Found a staircase to the Orcish Mines.
  8552 | D:10     | Found a staircase to the Lair.
  8674 | D:10     | Found Peumm's Serpentskin Sales.
  8679 | D:10     | Reached XP level 11. HP: 96/97 MP: 10/10
  8765 | D:10     | Killed an unseen horror
  9254 | D:11     | Noticed Erica
  9261 | D:11     | Killed Erica
  9261 | D:11     | Reached skill level 14 in Axes
  9365 | D:11     | Noticed Erolcha
  9372 | D:11     | Killed Erolcha
  9482 | D:11     | Reached skill level 10 in Fighting
  9989 | Temple   | Entered the Ecumenical Temple
 10371 | Lair:1   | Entered Level 1 of the Lair of Beasts
 10405 | Lair:1   | Noticed an eight-headed hydra
 10412 | Lair:1   | Killed a four-headed hydra
 10566 | Lair:1   | Lost intelligence.
 10599 | Lair:1   | Noticed a five-headed hydra
 10609 | Lair:1   | Killed a two-headed hydra
 10852 | Lair:1   | Lost intelligence.
 11348 | Lair:1   | Reached skill level 10 in Armour
 11350 | Lair:1   | Reached XP level 12. HP: 105/107 MP: 11/11
 11355 | Lair:1   | Noticed an eight-headed hydra
 11362 | Lair:1   | Killed a four-headed hydra
 11362 | Lair:1   | Reached skill level 15 in Axes
 11399 | Lair:1   | Received a gift from Trog
 11411 | Lair:1   | Reached ****** piety under Trog
 12236 | Lair:2   | Lost intelligence.
 12443 | Lair:3   | Reached skill level 10 in Shields
 12456 | Lair:3   | Noticed Nergalle
 12466 | Lair:3   | Killed Nergalle
 12671 | Lair:3   | Reached skill level 16 in Axes
 12679 | Lair:3   | Received a gift from Trog
 13054 | Lair:4   | Reached XP level 13. HP: 63/116 MP: 4/12
 13100 | Lair:4   | Received a gift from Trog
 13117 | Lair:4   | Killed from afar by a rime drake

Skill      XL: |  1  2  3  4  5  6  7  8  9 10 11 12 |
---------------+-------------------------------------+-----
Fighting       | 4 5 6 7 8 9 10 11 | 11.9
Axes           | 4 5 6 8 10 11 13 14 16 | 16.7
Dodging        | 3 4 5 |  5.9
Armour         | 3 4 5 6 7 8 10 11 | 11.2
Shields        | 1 2 5 7 8 11 | 11.5
Stealth        | 1 |  1.6
Throwing       | 1 2 |  2.0

Action                   |  1- 3 |  4- 6 |  7- 9 | 10-12 | 13-15 || total
-------------------------+-------+-------+-------+-------+-------++-------
Melee: Hand axe          |    84 |    46 |       |       |       ||   130
       Headbutt          |    10 |    22 |    49 |    80 |     6 ||   167
       War axe           |       |    60 |   278 |   183 |       ||   521
       Broad axe         |       |       |       |   300 |    50 ||   350
Throw: Stone             |     4 |       |       |       |       ||     4
       Javelin           |       |       |     4 |     4 |       ||     8
       Tomahawk          |       |       |       |     5 |       ||     5
Invok: Berserk           |       |     2 |     2 |     3 |       ||     7
  Use: Scroll            |       |       |     9 |     9 |       ||    18
       Potion            |       |       |       |       |     1 ||     1
  Eat: Chunk             |     1 |    15 |    15 |    25 |       ||    56
       Ration            |       |     1 |       |     2 |       ||     3
Armor: Animal skin       |    15 |       |       |       |       ||    15
       Ring mail         |     1 |     8 |       |       |       ||     9
       Scale mail        |       |    43 |   132 |    12 |       ||   187
       Gold dragon scale |       |       |       |   384 |    17 ||   401
       Skin              |       |       |       |       |    16 ||    16
Dodge: Dodged            |    69 |    77 |    99 |   168 |    13 ||   426
Block: Buckler           |       |     6 |     9 |       |       ||    15
       Shield            |       |       |   106 |   394 |    37 ||   537
